 Dungeon Crawl Stone Soup version 0.16-a0-1295-g5a7e1d0 (webtiles) character file.

247 Consentacles the Pacifier (level 5, -5/43 HPs)
             Began as a Deep Dwarf Healer on Oct 14, 2014.
             Was a Priest of Elyvilon.
             Slain by an ogre
             ... wielding a +0 giant spiked club
              (24 damage)
             ... on level 7 of the Dungeon.
             The game lasted 00:24:32 (3250 turns).

Consentacles the Pacifier (Deep Dwarf Healer)       Turns: 3250, Time: 00:24:32

Health: -5/43      AC:  8    Str: 15    XL:     5   Next: 85%
Magic:  5/12       EV: 12    Int: 13    God:    Elyvilon [***...]
Gold:   152        SH:  0    Dex: 13    Spells: 0 memorised, 4 levels left

rFire  . . .     SeeInvis .     k - -1 falchion (curse)
rCold  . . .     Clarity  .     a - +1 robe
rNeg   . . .     SustAb   .     (no shield)
rPois  .         Gourm    .     (no helmet)
rElec  .         Spirit   .     (no cloak)
rCorr  .         Warding  .     z - +2 pair of gloves
rMut   .         Stasis   .     m - +1 pair of boots
MR     .....                    j - amulet of rage
Stlth  +++.......               (no ring)
                                s - ring of flight

@: non-regenerating, not resistant to hostile enchantments, fairly stealthy
A: damage resistance, recharge devices, sense surroundings 1, slow healing 3
a: Device Recharging, Lesser Healing, Lesser Self-Healing, Divine Protection,
Purification, Greater Healing, Greater Self-Healing, Renounce Religion, Evoke
Berserk Rage, Evoke Flight


You were on level 7 of the Dungeon.
You worshipped Elyvilon.
Elyvilon was most pleased with you.
You were not hungry.

You visited 1 branch of the dungeon, and saw 7 of its levels.

You collected 178 gold pieces.
You spent 26 gold pieces at shops.

Inventory:

Hand weapons
 k - a cursed -1 falchion (weapon)
Armour
 a - a +1 robe (worn)
 h - a +0 plate armour
 m - a +1 pair of boots (worn)
 p - the +0 ring mail of Complete Protection {+Rage rC+ MR+ Slay+6, unknown}
   (You found it on level 6 of the Dungeon)

   It affects your accuracy and damage with ranged weapons and melee attacks
   (+6).
   It protects you from cold.
   It affects your resistance to hostile enchantments.
   It lets you go berserk.
 u - a cursed +0 buckler
 z - a +2 pair of gloves (worn)
 E - a cursed -1 ring mail
Jewellery
 j - an amulet of rage (around neck)
 s - a ring of flight (left hand)
 t - a -5 ring of strength
 v - an uncursed ring of protection from fire {unknown}
Magical devices
 d - a wand of heal wounds (7)
 F - a wand of paralysis (4)
Scrolls
 l - a scroll of magic mapping
 q - a scroll of amnesia
 r - a scroll of teleportation
 y - a scroll of noise {unknown}
Potions
 b - 3 potions of curing
 c - 3 potions of heal wounds
 e - a potion of brilliance
 g - a potion of cancellation
 i - 2 potions of agility {unknown}
 n - 3 potions of degeneration
 w - a potion of magic {unknown}
 x - a potion of poison
 A - a potion of experience {unknown}
 B - a potion of might {unknown}
 C - a potion of haste {unknown}
 D - a potion of porridge
Comestibles
 f - 4 bread rations
 o - 3 meat rations


   Skills:
 - Level 0.8 Fighting
 - Level 2.1 Dodging
 + Level 5.0 Stealth
 + Level 6.7 Invocations


You had 4 spell levels left.
You didn't know any spells.

Dungeon Overview and Level Annotations

Branches:
Dungeon (7/15)             Temple (0/1) D:5

Altars:
Ashenzari
Dithmenos
Elyvilon
Zin

Shops:
D:5 *   D:7 (

Annotations:
D:6 Ijyb
D:7 password's ghost, experienced FoFi


Innate Abilities, Weirdness & Mutations

You are resistant to damage.
You can recharge devices by infusing magical energy.
You passively map a small area around you.
You do not heal naturally.


Message History

The giant frog hits you but does no damage.
The goblin barely misses you.
Use which ability? (? or * to list)
Press: ? - help, Dir - move target cursor, f - ogre Heal: an ogre, wielding a giant spiked club The ogre is completely unfazed by your meager offer of peace.
You feel somewhat more hungry.
Use which ability? (? or * to list)
Press: ? - help, Dir - move target cursor, f/p - ogre Heal: an ogre, wielding a giant spiked club The ogre is completely unfazed by your meager offer of peace.
You feel somewhat more hungry. The ogre misses you.
Really attack the neutral goblin?
This attack would place you under penance!
Okay, then.
The ogre closely misses you.
You see here 2 scrolls of amnesia.
You barely miss the crimson imp. The crimson imp closely misses you.
The ogre hits you with a giant spiked club!!
Ouch! That really hurt!
You die...

#.....................
,#......#....##.. #
#......+....##.# ###
#.....##....##.# ###.#
#r.....'.O.....###...# *
#####.##.......#.#.#.#
#.##.......#...$..
#.#####O##.#####.#...#.#
*#....F.@5..# #.#...#..
* ,#######'####
#.#.#.### , * ......,*
#.#.#..., .g......
#.#.##### , ,
...h.....###g#......
....#####.....#######
..... #.....+ ..... ....
#.....####### .
###.....##...∩.


You could see an ogre, a crimson imp, a neutral giant frog (wandering), a
neutral hound (wandering) and a neutral goblin (wandering).

Vanquished Creatures
  An orc wizard (D:4)
  A bat (D:5)
  A bat zombie (D:4)
  An ooze (D:1)
  A giant cockroach (D:1)
  A giant newt (D:2)
6 creatures vanquished.

Vanquished Creatures (others)
  An adder (D:6)
  2 orcs
  A bat (D:2)
  2 hobgoblins (D:4)
  2 jackals (D:2)
  A kobold (D:4)
  A giant newt (D:5)
  A rat (D:6)
11 creatures vanquished.

Grand Total: 17 creatures vanquished

Notes
Turn   | Place    | Note
--------------------------------------------------------------
     0 | D:1      | Consentacles, the Deep Dwarf Healer, began the quest for the Orb.
     0 | D:1      | Reached XP level 1. HP: 16/16 MP: 2/2
   266 | D:1      | Reached skill level 1 in Stealth
   272 | D:1      | Reached skill level 4 in Invocations
   430 | D:1      | Reached XP level 2. HP: 15/24 MP: 2/4
  1047 | D:2      | Noticed Jessica
  1234 | D:2      | Reached XP level 3. HP: 17/30 MP: 6/6
  1349 | D:2      | Pacified Jessica
  1665 | D:3      | Reached skill level 5 in Invocations
  1753 | D:5      | Entered Level 5 of the Dungeon
  1777 | D:5      | Found a white marble altar of Elyvilon.
  1777 | D:5      | Noticed a sky beast
  1800 | D:5      | Noticed an ogre
  1973 | D:4      | Acquired Elyvilon's third power
  2114 | D:4      | Reached XP level 4. HP: 30/37 MP: 1/8
  2505 | D:4      | Reached skill level 6 in Invocations
  2505 | D:4      | Reached XP level 5. HP: 30/43 MP: 9/11
  2570 | D:5      | Found a shattered altar of Ashenzari.
  2610 | D:5      | Found a shadowy altar of Dithmenos.
  2614 | D:5      | Found a glowing silver altar of Zin.
  2664 | D:5      | Found a staircase to the Ecumenical Temple.
  2676 | D:5      | Noticed an orc warrior
  2726 | D:5      | Found Hauj's General Store.
  2735 | D:5      | Bought a scroll of identify for 26 gold pieces
  2835 | D:5      | Noticed an ice beast
  2854 | D:6      | Noticed Ijyb
  2903 | D:6      | Noticed a sky beast
  2918 | D:6      | Pacified a sky beast
  2954 | D:6      | Noticed an ogre
  3003 | D:7      | Found Fiocw's Antique Weapon Boutique.
  3003 | D:7      | Noticed an ogre
  3031 | D:7      | Noticed password's ghost (experienced FoFi)
  3059 | D:6      | Got a heavily runed ring mail
  3182 | D:7      | Noticed an ogre
  3235 | D:7      | Reached skill level 5 in Stealth
  3250 | D:7      | Slain by an ogre

Action                   |  1- 3 |  4- 6 || total
-------------------------+-------+-------++-------
Melee: Unarmed           |    22 |       ||    22
       Falchion          |    11 |     9 ||    20
Invok: Lesser Healing    |    85 |    49 ||   134
Evoke: Wand              |     2 |     3 ||     5
  Use: Scroll            |     3 |     8 ||    11
       Potion            |     1 |       ||     1
  Eat: Bread ration      |     1 |     2 ||     3
       Chunk             |     3 |     4 ||     7
       Fruit             |     3 |       ||     3
       Meat ration       |     1 |       ||     1
